AoeStats
← Scotland111

Arena

508832586Analyzed
1v1 RM · 6d ago on Sep 24, 2026· 71m 57s· 2 players
Game mode
Random Map
Map size
Tiny (2 player)
Population
200
Speed
Normal
Resources
Standard
Victory
Conquest
Starting age
Dark Age
Ending age
Imperial Age
RankedLock teamsTeams togetherTeam positionsShared explorationLock speedFull tech treeHidden civsTurbo modeCheats
Victory
Defeat
🇹🇷 Sicilians · Türkiye
853
+15
🇬🇧 Khmer · United Kingdom
822
-15
Scotland111
12:32 Feudal Age
15:56 Castle Age
14:11 Horse Collar
17:04 Double-Bit Axe
18:01 Double-Bit Axe
19:53 Wheelbarrow
19:18 Stone Mining
22:50 Bow Saw
23:30 Hand Cart
24:07 Ballistics
24:23 Heavy Plow
25:39 Gold Mining
26:53 Bloodlines
26:43 Husbandry
27:41 Scale Barding Armor
32:22 Imperial Age
30:47 Pikeman
31:42 Forging
31:32 Scale Mail Armor
31:53 Chain Barding Armor
32:23 Loom
32:24 Town Watch
33:16 Iron Casting
32:35 Elite Battle Elephant
34:09 Chain Mail Armor
34:10 Elite Ballista Elephant
34:59 Double Crossbow
36:31 Chemistry
35:49 Siege Engineers
37:19 Blast Furnace
36:56 Plate Barding Armor
36:33 Light Cavalry
36:49 Onager
36:58 Onager
37:23 Hussar
39:16 Halberdier
41:38 Chain Mail Armor
42:37 Conscription
42:20 Tusk Swords
46:43 Cavalier
56:21 Elite Skirmisher
57:06 Padded Archer Armor
appiah
11:42 Feudal Age
16:20 Castle Age
14:57 Double-Bit Axe
15:17 Horse Collar
24:59 Wheelbarrow
24:10 Town Watch
24:11 Loom
24:40 Bow Saw
24:33 Heavy Plow
30:40 Imperial Age
28:20 Gold Mining
28:21 Stone Mining
28:42 Town Patrol
29:36 Forging
29:31 Scale Barding Armor
29:28 Scale Mail Armor
29:50 Husbandry
30:00 Bloodlines
30:50 Ballistics
29:55 Pikeman
30:21 Arson
31:44 Conscription
31:47 Hand Cart
31:18 Light Cavalry
33:37 Chain Barding Armor
34:19 Stone Shaft Mining
34:19 Gold Shaft Mining
34:14 Cavalier
34:23 Onager
37:55 Plate Barding Armor
37:56 Iron Casting
37:38 Squires
40:44 Chain Mail Armor
41:30 Blast Furnace
41:16 Crop Rotation
40:52 Halberdier
42:33 Gold Shaft Mining
45:23 Chemistry
47:21 Hauberk
46:51 Elite Skirmisher
48:43 Padded Archer Armor
48:34 Fletching
49:14 Plate Mail Armor
48:34 Siege Onager
49:55 Leather Archer Armor
50:06 Leather Archer Armor
49:52 Bodkin Arrow
50:15 Capped Ram
58:19 Bracer
Connection lost

Rejoining the realm…

Still unreachable

The connection could not be restored.

Session expired

The server has moved on; the page needs a fresh start.